 Seeded DCSS version 0.27.1-16-g815e20cd7a (webtiles) character file.

Game seed: 9994578473121069481 (custom seed)

350 oldmanjim the Insei (level 6, -1/38 HPs)
             Began as an Octopode Transmuter on Nov 22, 2021.
             Slain by a phantom (8 damage)
             ... on level 5 of the Dungeon on Nov 23, 2021.
             The game lasted 00:30:27 (6373 turns).

oldmanjim the Insei (Octopode Transmuter)           Turns: 6373, Time: 00:30:27

Health: -1/38      AC:  1    Str:  9    XL:     6   Next: 61%
Magic:  18/18      EV: 13    Int: 18    God:
Gold:   224        SH:  4    Dex: 12    Spells: 3/9 levels left

rFire    . . .     SeeInvis +     - Unarmed
rCold    . . .     Faith    .   h - +0 buckler
rNeg     . . .     Spirit   .   (helmet currently unavailable)
rPois    .         Reflect  .   (no amulet)
rElec    .         Harm     .   b - ring of magical power
rCorr    .         Rampage  .   i - ring of wizardry
Will     .....                  j - ring of see invisible
Stlth    ++........             (no ring)
HPRegen  0.12/turn              (no ring)
MPRegen  0.16/turn              (no ring)
                                (no ring)
                                (no ring)

@: appendages (expiring)
A: tentacle spike 3, almost no armour, amphibious, 8 rings, camouflage 1,
gelatinous body 1, (nimble swimmer 1), tentacles
a: End Transformation


You were on level 5 of the Dungeon.
One of your tentacles had grown a beastly spike.
You visited 1 branch of the dungeon, and saw 5 of its levels.

You collected 879 gold pieces.
You spent 655 gold pieces at shops.

Inventory:

Hand Weapons
 a - a +0 hunting sling
Missiles
 c - 102 arrows
 d - 16 poisoned darts (quivered)
 f - 14 sling bullets
 n - 90 bolts
 o - 18 stones
 y - 5 boomerangs
Armour
 h - a +0 buckler (worn)
Jewellery
 b - a ring of magical power (left tentacle)
 i - a ring of wizardry (right tentacle)
 j - a ring of see invisible (on tentacle)
Wands
 w - a wand of paralysis (2)
 D - a wand of polymorph (6)
Scrolls
 k - a scroll of fear
 l - a scroll of silence
 p - 2 scrolls of teleportation {unknown}
 r - 2 scrolls of enchant armour {unknown}
 s - a scroll of summoning {unknown}
 t - a scroll of enchant weapon {unknown}
 u - a scroll of blinking
 x - a scroll of identify
 A - a scroll of fog {unknown}
 B - a scroll of noise {unknown}
 C - 2 scrolls of immolation {unknown}
Potions
 e - a potion of haste
 g - 3 potions of lignification
 m - a potion of heal wounds
 q - a potion of might
 v - a potion of curing
 z - a potion of flight
 E - 2 potions of invisibility {unknown}


   Skills:
 - Level 1.4 Fighting
 - Level 2.1 Dodging
 * Level 3.4 Shields
 + Level 4.8 Unarmed Combat
 - Level 2.1 Spellcasting
 + Level 3.8 Transmutations


You had 3 spell levels left.
You knew the following spells:

 Your Spells              Type           Power      Damage    Failure   Level
a - Beastly Appendage     Tmut           30%        N/A       1%          1
b - Spider Form           Tmut/Pois      4%         N/A       11%         3
c - Poisonous Vapours     Pois/Air       2%         N/A       12%         2

Your spell library contained the following spells:

 Spells                   Type           Power      Damage    Failure   Level
 Wereblood                Tmut           15%        N/A       2%          2
 Foxfire                  Conj/Fire      4%         2x1d4     8%          1
 Corpse Rot               Necr/Air       N/A        N/A       12%         2
 Sublimation of Blood     Necr           0%         N/A       12%         2
 Conjure Flame            Conj/Fire      1%         6-21      22%         3
 Inner Flame              Hex/Fire       1%         N/A       22%         3
 Ice Form                 Ice/Tmut       8%         N/A       32%         4
 Leda's Liquefaction      Hex/Erth       0%         N/A       56%         4
 Bolt of Magma            Conj/Fire/Erth 0%         4d4       88%         5
 Freezing Cloud           Conj/Ice/Air   0%         6-21      88%         5
 Statue Form              Tmut/Erth      5%         N/A       99%         6
 Summon Hydra             Summ           0%         N/A       100%        7


Dungeon Overview and Level Annotations

Branches:
Dungeon (5/15)
 Temple: D:4-7

Altars:

Shops:
D:1 *=   D:4 :

Annotations:
D:4 2 runed translucent doors, exclusion: 2 doors, zeram's ghost, amateur GnIE


Innate Abilities, Weirdness & Mutations

One of your tentacles has grown a beastly spike.
You cannot wear most types of armour.
You are amphibious.
You can wear up to eight rings at the same time.
Your skin changes colour to match your surroundings (Stealth+).
Your rubbery body absorbs attacks. (AC +1, EV +1)
((You are camouflaged near water. (Stealth+)))
You have tentacles for arms and can constrict up to eight enemies at once.


Message History

The phantom hits you.
You are too injured to fight recklessly!
You tentacle-slap the phantom.
The phantom is heavily damaged.
The phantom hits you.
You tentacle-slap the phantom but do no damage.
Your tentacle spike misses the phantom.
The phantom is heavily damaged.
The phantom closely misses you.
You tentacle-slap the phantom but do no damage.
The phantom is heavily damaged.
The phantom closely misses you.
You barely miss the phantom.
The phantom is heavily damaged.
A hound zombie comes into view.
The phantom barely misses you.
The hound zombie moves out of view.
You barely miss the phantom. You squeeze the phantom.
The phantom is heavily damaged.
You tentacle-slap the phantom but do no damage.
The phantom is heavily damaged.
The phantom barely misses you.
You closely miss the phantom.
Your tentacle spike misses the phantom.
The phantom is heavily damaged.
The phantom closely misses you.
You miss the phantom. Your squeeze misses the phantom.
The phantom is heavily damaged.
The phantom closely misses you.
You tentacle-slap the phantom.
The phantom is heavily damaged.
The phantom hits you.
The phantom blinks!
You blink.
You tentacle-slap the phantom but do no damage.
The phantom is heavily damaged.
The phantom hits you!
* * * LOW HITPOINT WARNING * * *
You tentacle-slap the phantom but do no damage.
Your squeeze misses the phantom.
The phantom is heavily damaged.
Your transformation is almost over.
The phantom hits you!
You die...

#.# ######### ...
......... ### #.#
######### ..# #.#
#.# #.# # #.###.#.#
############.#.....#
#............#.###.#
#.#########...@# .#
#.# ##.#W# # #.#
#.#... ###.# #.###.#
....# #.# .# #####
#.# # #.. ###


You could see a phantom.

Vanquished Creatures
  An ogre (D:4)
  A scorpion (D:4)
  A centaur zombie (D:5)
  4 gnolls (D:3)
  An adder (D:2)
  2 ufetubi
  2 worms (D:2)
  A dart slug (D:1)
  13 orcs
  7 endoplasms
  5 giant cockroaches
  9 goblins
  5 hobgoblins
  3 jackals (D:3)
  3 quokkas
  12 ball pythons
  8 bats
  3 frilled lizards
  7 kobolds
  5 rats
93 creatures vanquished.

Notes
Turn   | Place    | Note
-------+----------+-------------------------------------------
     0 | D:1      | oldmanjim the Octopode Transmuter began the quest for the
                  | Orb.
     0 | D:1      | Reached XP level 1. HP: 13/13 MP: 3/3
    18 | D:1      | You fall into a shaft and drop 1 floor!
   108 | D:1      | Reached XP level 2. HP: 10/18 MP: 3/5
   285 | D:1      | Found Jauson's Jewellery Shoppe.
   994 | D:1      | Reached XP level 3. HP: 21/23 MP: 6/6
  1151 | D:1      | Found Esseish's General Store.
  1246 | D:1      | Found a faded altar of an unknown god.
  1289 | D:1      | Learned a level 3 spell: Spider Form
  1297 | D:1      | Identified a scroll of acquirement
  1297 | D:1      | Acquired 638 gold pieces
  1414 | D:1      | Bought a ring of wizardry for 330 gold pieces
  1414 | D:1      | Bought a ring of see invisible for 165 gold pieces
  1442 | D:1      | Bought a scroll of fear for 35 gold pieces
  1442 | D:1      | Bought a scroll of silence for 75 gold pieces
  1442 | D:1      | Bought a potion of heal wounds for 50 gold pieces
  2023 | D:1      | HP: 1/23 [poisoned by a goblin]
  2447 | D:2      | Reached XP level 4. HP: 27/28 MP: 7/7
  2809 | D:2      | Reached skill level 1 in Shields
  2975 | D:3      | Reached skill level 4 in Unarmed Combat
  3889 | D:3      | Learned a level 2 spell: Poisonous Vapours
  4186 | D:3      | Reached XP level 5. HP: 33/33 MP: 8/8
  4379 | D:3      | Paralysed by an orc for 2 turns
  5390 | D:4      | Found Bethed's Book Boutique.
  5415 | D:4      | Noticed an ogre
  5449 | D:4      | Killed an ogre
  5450 | D:4      | Reached XP level 6. HP: 37/38 MP: 9/9
  5705 | D:4      | Found a large runed translucent door.
  5705 | D:4      | Found a large runed translucent door.
  5706 | D:4      | Noticed zeram's ghost (amateur GnIE)
  6143 | D:5      | Entered Level 5 of the Dungeon
  6373 | D:5      | Slain by a phantom

Illustrated notes

Levels and vault maps discovered:
D:1:      zelgadis_glass_arrival_small, layout_basic,
          hellmonk_ecumenical_altar_arch_garden, serial_shops,
          nicolae_lakefront_shop, nicolae_shop_crystal
D:2:      layout_loops_ring
D:3:      layout_basic
D:4:      layout_basic, ebering_ghost_disaster_area, serial_shops, shop_coins
D:5:      layout_loops_ring

Skill      XL: |  1  2  3  4  5  6 |
---------------+-------------------+-----
Shields        | 1 2 3 |  3.4
Unarmed Combat | 4 |  4.8
Transmutations | 3 |  3.8
Fighting       | |  1.4
Dodging        | |  2.1
Spellcasting   | |  2.1

Action                   |  1- 3 |  4- 6 || total
-------------------------+-------+-------++-------
Melee: Unarmed           |    86 |   109 ||   195
       Kick              |    21 |    20 ||    41
       Constrict         |    27 |    16 ||    43
       Tentacles         |     9 |    17 ||    26
       Punch             |     1 |     2 ||     3
 Fire: Hunting sling     |     7 |     3 ||    10
Throw: Dart              |     1 |    28 ||    29
 Cast: Beastly Appendage |    33 |    31 ||    64
       Poisonous Vapours |       |    22 ||    22
  Use: Scroll            |     3 |     4 ||     7
       Potion            |     1 |       ||     1
 Stab: Sleeping          |     3 |     4 ||     7
Armor: Skin              |    12 |     6 ||    18
Dodge: Dodged            |    48 |    66 ||   114
Block: Buckler           |     3 |    14 ||    17
